 Dungeon Crawl Stone Soup version 0.21-a0-140-g479285b (webtiles) character file.

875 Banto the Cutter (level 7, -5/50 HPs)
             Began as a Demonspawn Skald on July 21, 2017.
             Slain by an ogre
             ... wielding a +0 giant spiked club
              (15 damage)
             ... on level 4 of the Dungeon.
             The game lasted 00:06:16 (3385 turns).

Banto the Cutter (Demonspawn Skald)                 Turns: 3385, Time: 00:06:17

Health: -5/50      AC: 10    Str: 11    XL:     7   Next: 74%
Magic:  10/10      EV: 12    Int: 16    God:
Gold:   253        SH:  0    Dex: 15    Spells: 4/10 levels left

rFire    . . .     SeeInvis .   k - +1 dagger (drain)
rCold    + . .     Gourm    .   (no shield)
rNeg     . . .     Faith    .   b - +0 leather armour
rPois    .         Spirit   .   (no helmet)
rElec    .         Reflect  .   e - +0 cloak
rCorr    +         Harm     .   t - +2 pair of gloves
MR       +....                  (no boots)
Stlth    ++........             (no amulet)
HPRegen  0.16/turn              c - ring of protection from magic
MPRegen  0.12/turn              n - ring of resist corrosion

@: singing
A: hooves 2, molten scales 2, agile 1, cold resistance 1, powered by pain 1,
wild magic 1
a: no special abilities


You were on level 4 of the Dungeon.
You were hungry.

You visited 1 branch of the dungeon, and saw 5 of its levels.

You collected 253 gold pieces.

Inventory:

Hand Weapons
 k - a +1 dagger of draining (weapon)
Missiles
 v - 2 throwing nets (quivered)
Armour
 b - a +0 leather armour (worn)
 e - a +0 cloak (worn)
 t - a +2 pair of gloves (worn)
Jewellery
 c - a ring of protection from magic (left hand)
 n - a ring of resist corrosion (right hand)
 p - an uncursed ring of fire
 y - a +5 amulet of reflection {unknown}
Wands
 q - a wand of enslavement (12/24)
 s - a wand of flame (15/48)
Scrolls
 g - a scroll of amnesia
 j - 3 scrolls of remove curse
 r - 2 scrolls of teleportation
 x - 2 scrolls of identify
Potions
 h - 6 potions of heal wounds
 i - 3 potions of ambrosia
 l - a potion of curing
 m - a potion of magic {unknown}
 o - a potion of berserk rage {unknown}
 u - a potion of flight {unknown}
 w - a potion of lignification {unknown}
Comestibles
 a - 3 royal jellies
 d - 3 bread rations
 f - 4 meat rations
 z - 2 chunks of flesh


   Skills:
 - Level 2.0 Fighting
 + Level 5.8 Short Blades
 - Level 0.8 Armour
 - Level 1.7 Dodging
 + Level 4.1 Stealth
 - Level 2.0 Spellcasting
 - Level 5.0 Charms


You had 4 spell levels left.
You knew the following spells:

 Your Spells              Type           Power        Failure   Level  Hunger
a - Infusion              Chrm           ###.         6%          1    #......
b - Song of Slaying       Chrm           ###.....     9%          2    ###....
c - Regeneration          Chrm/Necr      ##........   36%         3    ###....


Dungeon Overview and Level Annotations

Branches:
Dungeon (5/15)
 Temple: D:4-7

Altars:
Ashenzari
Cheibriados
Dithmenos
Elyvilon
Makhleb
Nemelex Xobeh
Qazlal
Xom

Annotations:
D:3 Grinder; gorpus's ghost, amateur OpEE


Innate Abilities, Weirdness & Mutations

You have hoof-like feet.
You are mostly covered in molten scales. (AC +3)
Your flesh is cold resistant. (rC+)
You sometimes gain a little power by taking damage.
You are agile. (Dex +2)
Your spells are a little harder to cast, but a little more powerful.


Message History

The orc wizard hits you but does no damage.
You hear the brisk hiss of a very distant avalanche of sand.
The orc wizard barely misses you. The orc wizard casts a spell at you.
The magic dart hits you!
* * * LOW HITPOINT WARNING * * *
Your magical contamination has completely faded away.
There is a stone staircase leading up here.
You take 9 damage, and have 13/50 hp.
The orc wizard casts a spell at you. The magic dart hits you!
* * * LOW HITPOINT WARNING * * *
The ogre closely misses you. The orc misses you.
You climb upwards.
There is a stone staircase leading down here.
You take 3 damage, and have 10/50 hp.
The orc wizard gestures at you while chanting.
The magic dart hits you! The orc closely misses you.
The ogre hits you with a giant spiked club!
You die...

#.# #.<.# ###### #.#
#.### .....# #.# #.#
####.# #.# #.# #.# #.#
#.# #.# #.# #.# #.# #.#
#.############# #.# #.#
#.............# #.# #.#
#@O##########.# #.# #.#
#oo.......# #.#
#.#####.######>######.#
#.#### #..........# #.#
#.# #.....
#######.##.###.# #.#
###### #.##.#.#.# #.#
#... #.##.....# #.#
#.## #.##.....#
#.#####.# #.......##
#.....#.#


You could see an ogre, an orc wizard and an orc.

Vanquished Creatures
  An ice beast (D:5)
  2 ogres (D:5)
  A centaur (D:5)
  A hound (D:5)
  3 orc priests
  3 orc wizards
  Jessica (D:2)
  3 worker ants
  A hound skeleton (D:4)
  3 gnolls (D:4)
  8 adders
  5 oozes
  3 worms
  4 leopard geckos
  9 orcs
  4 giant cockroaches
  8 goblins
  6 hobgoblins
  11 jackals
  7 kobolds
  2 quokkas
  10 bats
  7 frilled lizards
  9 rats
112 creatures vanquished.

Notes
Turn   | Place    | Note
-------+----------+-------------------------------------------
     0 | D:1      | Banto the Demonspawn Skald began the quest for the Orb.
     0 | D:1      | Reached XP level 1. HP: 16/16 MP: 3/3
   166 | D:1      | Gained mutation: You are partially covered in molten scales. (AC +2) [demonic ancestry]
   166 | D:1      | Reached XP level 2. HP: 21/22 MP: 1/5
   666 | D:2      | Found a shadowy altar of Dithmenos.
   680 | D:2      | Gained mutation: You have large cloven feet. [demonic ancestry]
   680 | D:2      | Reached XP level 3. HP: 17/27 MP: 0/6
   866 | D:2      | Gained mutation: You are agile. (Dex +2) [potion of mutation]
   866 | D:2      | Gained mutation: Your spells are a little harder to cast, but a little more powerful. [potion of mutation]
   973 | D:2      | Learned a level 2 spell: Song of Slaying
   977 | D:2      | Learned a level 3 spell: Regeneration
  1087 | D:2      | Gained mutation: You have hoof-like feet. [demonic ancestry]
  1087 | D:2      | Reached XP level 4. HP: 33/33 MP: 7/7
  1190 | D:2      | Found a stormy altar of Qazlal.
  1667 | D:3      | Gained mutation: You sometimes gain a little power by taking damage. [demonic ancestry]
  1667 | D:3      | Reached XP level 5. HP: 37/38 MP: 3/8
  1791 | D:3      | Noticed Jessica
  1792 | D:3      | Noticed Grinder
  2030 | D:3      | Paralysed by Grinder for 2 turns
  2032 | D:3      | Noticed gorpus's ghost (amateur OpEE)
  2049 | D:2      | Killed Jessica
  2354 | D:4      | Found a burning altar of Makhleb.
  2369 | D:4      | Gained mutation: Your flesh is cold resistant. (rC+) [demonic ancestry]
  2369 | D:4      | Reached XP level 6. HP: 44/44 MP: 9/9
  2480 | D:4      | Reached skill level 5 in Charms
  2491 | D:4      | Reached skill level 1 in Stealth
  2834 | D:4      | Found a white marble altar of Elyvilon.
  2835 | D:4      | Found a shimmering altar of Xom.
  3064 | D:5      | Entered Level 5 of the Dungeon
  3064 | D:5      | Found a snail-covered altar of Cheibriados.
  3083 | D:5      | Gained mutation: You are mostly covered in molten scales. (AC +3) [demonic ancestry]
  3083 | D:5      | Reached XP level 7. HP: 38/50 MP: 6/10
  3122 | D:5      | Reached skill level 5 in Short Blades
  3189 | D:5      | Found a sparkling altar of Nemelex Xobeh.
  3345 | D:5      | Found a shattered altar of Ashenzari.
  3385 | D:4      | Slain by an ogre

Vault maps used:
D:1:      erik_arrival_blinker_ship, nrook_mini_backslash
D:2:      lemuel_crystal_altar, nicolae_qazlal_eye_of_the_storm
D:3:      uniq_grinder, uniq_jessica, uniq_crazy_yiuf_cottage
D:4:      kennysheep_mini_moat, gammafunk_temple_overflow_statue
D:5:      lemuel_round_altar, nemelex_altar_shiori,
          nicolae_ashenzari_panopticon, basic_altar, gup_ossuary_entry_pyramid,
          first_bread

Skill      XL: |  1  2  3  4  5  6  7 |
---------------+----------------------+-----
Short Blades   | 2 3 4 5 |  5.8
Charms         | 3 4 5 |  5.0
Stealth        | 2 4 |  4.1
Fighting       | |  2.0
Armour         | |  0.8
Dodging        | |  1.7
Spellcasting   | |  2.0

Action                   |  1- 3 |  4- 6 |  7- 9 || total
-------------------------+-------+-------+-------++-------
Melee: Short sword       |    82 |       |       ||    82
       Dagger            |    40 |   170 |    41 ||   251
       Kick              |     9 |    39 |    13 ||    61
 Cast: Infusion          |     9 |     8 |       ||    17
       Song of Slaying   |       |     1 |     1 ||     2
  Use: Scroll            |     7 |     5 |       ||    12
       Potion            |     1 |       |       ||     1
 Stab: Sleeping          |       |     1 |     2 ||     3
  Eat: Chunk             |     1 |     6 |     1 ||     8
Armor: Leather armour    |    73 |    58 |    16 ||   147
Dodge: Dodged            |   116 |   120 |    25 ||   261

Table legend:
 A = Turns spent in this place as a percentage of turns spent in the entire game.
 B = Non-inter-level travel turns spent in this place as a percentage of non-inter-level travel turns spent in the entire game.
 C = Inter-level travel turns spent in this place as a percentage of turns spent in this place.
 D = Turns resting spent in this place as a percentage of non-inter-level travel turns spent in this place.
 E = Turns spent auto-exploring this place as a percentage of non-inter-level travel turns spent in this place.
 F = Non-inter-level travel turns spent in this place divided by the number of levels of this place that you've seen.
                   A       B       C       D       E      F
               +-------+-------+-------+-------+-------+----------------------
         Total | 100.0 | 100.0 |   0.6 |   3.6 |   7.6 | 293.2
       Dungeon | 100.0 | 100.0 |   0.6 |   3.6 |   7.6 | 293.2
               +-------+-------+-------+-------+-------+----------------------

Table legend:
 A = Kills in this place as a percentage of kills in entire the game.
 B = Kills by you in this place as a percentage of kills by you in the entire game.
 C = Kills by friends in this place as a percentage of kills by friends in the entire game.
 D = Other kills in this place as a percentage of other kills in the entire game.
 E = Experience gained in this place as a percentage of experience gained in the entire game.
 F = Experience gained in this place divided by the number of levels of this place that you have seen.
                   A       B       C       D       E      F
               +-------+-------+-------+-------+-------+----------------------
         Total | 100.0 | 100.0 |  -nan |  -nan | 100.0 | 250.2
       Dungeon | 100.0 | 100.0 |  -nan |  -nan | 100.0 | 250.2
               +-------+-------+-------+-------+-------+----------------------
